 Dungeon Crawl Stone Soup version 0.20.1-1-g8b1a95d (webtiles) character file.

5791 homeworkjunkie the Cleaver (level 10, -4/88 HPs)
             Began as a Hill Orc Fighter on Nov 17, 2017.
             Was an Elder of Okawaru.
             Slain by a six-headed hydra (10 damage)
             ... on level 10 of the Dungeon.
             The game lasted 00:18:41 (9097 turns).

homeworkjunkie the Cleaver (Hill Orc Fighter)       Turns: 9097, Time: 00:18:42

Health: -4/88      AC: 12    Str: 22    XL:     10   Next: 79%
Magic:  12/12      EV:  7    Int:  8    God:    Okawaru [****..]
Gold:   794        SH:  0    Dex: 11    Spells: 9/9 levels left

rFire    + . .     SeeInvis +   a - +2 war axe
rCold    . . .     Gourm    .   c - +0 shield
rNeg     . . .     Faith    .   b - +0 chain mail {rC+}
rPois    .         Spirit   .   v - +0 mask of the Dragon {MR+ Slay+3 SInv}
rElec    .         Reflect  .   (no cloak)
rCorr    +         Harm     .   r - +0 pair of gloves
MR       +....                  (no boots)
Stlth    ..........             (no amulet)
Regen    0.3/turn               d - ring of fire
MPRegen  0.2/turn               z - ring of resist corrosion

@: confused
A: no striking features
a: Heroism, Renounce Religion


You were on level 10 of the Dungeon.
You worshipped Okawaru.
Okawaru was greatly pleased with you.
You were very full.

You visited 2 branches of the dungeon, and saw 11 of its levels.
You also visited: Bailey.

You collected 794 gold pieces.

Inventory:

Hand Weapons
 a - a +2 war axe (weapon)
 u - a +2 hand axe of chopping
Missiles
 q - 2 tomahawks (quivered)
 t - 27 tomahawks of returning
 x - 3 poisoned javelins
 B - 4 javelins of penetration
Armour
 b - a +0 chain mail of cold resistance (worn)
 c - a +0 shield (worn)
 r - a +0 pair of gloves (worn)
 v - the +0 mask of the Dragon (worn) {MR+ Slay+3 SInv}
   (You found it in a bailey)

   It affects your accuracy and damage with ranged weapons and melee attacks
   (+3).
   It affects your resistance to hostile enchantments.
   It lets you see invisible.
Jewellery
 d - a ring of fire (left hand)
 z - a ring of resist corrosion (right hand)
 H - a cursed ring of loudness {unknown}
Wands
 g - a wand of lightning (0/15)
 C - a wand of acid (0/15)
 E - a wand of acid (0/15)
Scrolls
 l - 3 scrolls of remove curse
 o - 4 scrolls of teleportation
 w - a scroll of blinking
 y - 4 scrolls of recharging
 A - a scroll of fog {unknown}
 D - 2 scrolls of identify
 F - a scroll of acquirement {unknown}
Potions
 e - a potion of ambrosia
 h - 2 potions of lignification {unknown}
 i - a potion of heal wounds {unknown}
 j - a potion of flight {unknown}
 k - 2 potions of haste {unknown}
 n - 5 potions of mutation
 s - a potion of resistance {unknown}
Comestibles
 f - 6 bread rations
 p - 5 meat rations


   Skills:
 * Level 8.2 Fighting
 * Level 12.8 Axes
 + Level 1.4 Throwing
 * Level 8.2 Armour
 + Level 1.1 Dodging
 + Level 1.8 Stealth
 * Level 8.0 Shields
 * Level 2.9 Evocations


You had 9 spell levels left.
You didn't know any spells.

Dungeon Overview and Level Annotations

Branches:
Dungeon (10/15)            Temple (1/1) D:5            Lair (0/6) D:8
    Orc: D:9-12

Altars:
Ashenzari
Dithmenos
Fedhas
Gozag
Hepliaklqana
Kikubaaqudgha
Makhleb
Okawaru
Qazlal
Ru
Trog
Uskayaw
Vehumet
Xom
Yredelemnul
The Shining One

Shops:
D:6 (

Annotations:
D:5 1 runed door


Message History

Evoke which item? (* to show all) (? for menu, Esc to quit)
Aiming: Lightning Bolt (will waste charges)
Press: ? - help, Shift-Dir - straight line, f/p - six-headed hydra
Aim: a six-headed hydra (almost dead, covered in acid) Nothing appears to happen.
The six-headed hydra closely misses you.
The six-headed hydra bites you!
* * * LOW HITPOINT WARNING * * *
The six-headed hydra bites you.
* * * LOW HITPOINT WARNING * * *
The six-headed hydra bites you but does no damage.
You block the six-headed hydra's attack. x2
Evoke which item? (* to show all) (? for menu, Esc to quit)
This wand has no charges.
You are confused.
You feel invigorated. The six-headed hydra bites you.
* * * LOW HITPOINT WARNING * * *
The six-headed hydra bites you but does no damage.
The six-headed hydra bites you!
You die...

#.# #.# #......?. #.# #.# #.#
#........ #.# #.# #.# #........
#.# #.# #.# #........ #.# #.# #.#
#........ #.# #.# #.# #........
#.# #.# #.# #........
####.#####.######.#######........
................@D...............
######################...........
#........... #...........
#........... #...........
#........... #........###
#........


You could see a six-headed hydra.

Vanquished Creatures
  A two-headed ogre (D:8)
  Psyche (D:8)
  A kobold demonologist (D:9)
  Grinder (D:3)
  The ghost of Agrougrou the Slasher, an amateur BaSk (D:3)
  3 hippogriffs
  A water moccasin (D:7)
  2 sky beasts
  4 orc warriors
  An ice beast (D:7)
  3 ogres
  A phantom (D:6)
  5 centaurs
  2 big kobolds
  5 bullfrogs
  A wyvern zombie (D:7)
  3 scorpions
  A killer bee (D:5)
  A howler monkey (D:7)
  8 crimson imps
  A quasit (D:7)
  5 hounds
  2 orc priests (D:8)
  A bullfrog skeleton (D:5)
  8 orc wizards
  9 worker ants
  Natasha (D:3)
  2 iguanas (D:5)
  3 hound skeletons
  A gnoll (Bailey)
  9 adders
  A shadow imp (D:7)
  An ooze (D:2)
  An adder zombie (D:8)
  2 worms (D:2)
  An adder skeleton (D:7)
  2 dart slugs
  2 leopard geckos
  27 orcs
  2 ball pythons
  9 giant cockroaches
  10 hobgoblins
  24 jackals
  10 quokkas
  4 bats
  4 frilled lizards
  A giant cockroach zombie (D:5)
  6 goblins
  2 jackal skeletons
  23 kobolds
  A leopard gecko skeleton (D:7)
  A quokka skeleton (D:4)
  4 rats
  2 butterflies (D:5)
228 creatures vanquished.

Vanquished Creatures (others)
  A centaur warrior (D:9)
  Maurice (D:9)
  A big kobold (D:9)
  A killer bee (D:9)
  A hound (D:9)
  A worker ant (D:9)
6 creatures vanquished.

Grand Total: 234 creatures vanquished

Notes
Turn   | Place    | Note
-------+----------+-------------------------------------------
     0 | D:1      | homeworkjunkie the Hill Orc Fighter began the quest for the Orb.
     0 | D:1      | Reached XP level 1. HP: 19/19 MP: 1/1
   114 | D:1      | Reached XP level 2. HP: 8/27 MP: 2/2
   422 | D:2      | Reached skill level 3 in Axes
   533 | D:2      | Reached XP level 3. HP: 30/33 MP: 3/3
   677 | D:2      | Found a bloodstained altar of Trog.
   712 | D:2      | Found a hide-covered altar of Uskayaw.
   725 | D:3      | Reached skill level 4 in Axes
   791 | D:3      | Reached XP level 4. HP: 27/40 MP: 4/4
  1287 | D:3      | Noticed Agrougrou's ghost (amateur BaSk)
  1337 | D:2      | Reached XP level 5. HP: 47/47 MP: 5/5
  1425 | D:2      | Found a faded altar of an unknown god.
  1501 | D:2      | Found a stormy altar of Qazlal.
  1579 | D:2      | Found a sacrificial altar of Ru.
  2028 | D:5      | Entered Level 5 of the Dungeon
  2181 | D:4      | Reached skill level 5 in Axes
  2181 | D:4      | Reached XP level 6. HP: 38/55 MP: 6/6
  2283 | D:4      | Reached skill level 5 in Fighting
  2826 | D:3      | Killed Agrougrou's ghost
  2826 | D:3      | Reached skill level 6 in Axes
  2826 | D:3      | Reached XP level 7. HP: 24/61 MP: 7/7
  3081 | D:3      | Noticed Natasha
  3087 | D:3      | Killed Natasha
  3087 | D:3      | Reached skill level 7 in Axes
  3166 | D:3      | Noticed Grinder
  3179 | D:3      | Killed Grinder
  3257 | D:3      | Reached skill level 1 in Stealth
  3699 | D:5      | Reached skill level 8 in Axes
  3699 | D:5      | Reached skill level 5 in Armour
  3705 | D:5      | Reached XP level 8. HP: 61/70 MP: 8/8
  3820 | D:6      | Reached skill level 5 in Shields
  3973 | D:5      | Found a runed door.
  3996 | D:5      | Found a runed door.
  4123 | D:5      | Found a staircase to the Ecumenical Temple.
  4166 | Temple   | Entered the Ecumenical Temple
  4174 | Temple   | Became a worshipper of Warmaster Okawaru
  4418 | D:5      | Reached skill level 9 in Axes
  4723 | D:6      | You fall through a shaft!
  4732 | D:7      | Found a radiant altar of Vehumet.
  4741 | D:7      | Reached * piety under Okawaru
  4773 | D:7      | Reached skill level 10 in Axes
  4830 | D:7      | Noticed a hippogriff
  4843 | D:7      | Killed a hippogriff
  4843 | D:7      | Reached skill level 1 in Dodging
  4843 | D:7      | Reached XP level 9. HP: 39/78 MP: 9/9
  5090 | D:7      | Reached ** piety under Okawaru
  5114 | D:7      | Found a flagged portal.
  5125 | Bailey   | Entered a bailey
  5805 | Bailey   | Found a burning altar of Makhleb.
  6239 | D:7      | Reached skill level 11 in Axes
  6424 | D:7      | Reached skill level 1 in Throwing
  6609 | D:7      | Found a radiant altar of Vehumet.
  6609 | D:7      | Found a burning altar of Makhleb.
  7153 | D:6      | Found Umonae's Weapon Boutique.
  7633 | D:8      | Found a staircase to the Lair.
  7635 | D:8      | Noticed Psyche
  7636 | D:8      | Noticed a two-headed ogre
  7648 | D:8      | Killed a two-headed ogre
  7648 | D:8      | Reached *** piety under Okawaru
  7648 | D:8      | Reached XP level 10. HP: 62/88 MP: 9/11
  7673 | D:8      | Killed Psyche
  7673 | D:8      | Reached skill level 12 in Axes
  8136 | D:8      | Received a gift from Okawaru
  8360 | D:9      | Killed a centaur warrior
  8420 | D:9      | Found a shimmering altar of Xom.
  8453 | D:9      | Noticed Maurice
  8466 | D:9      | Killed Maurice
  8653 | D:9      | Noticed a kobold demonologist
  8661 | D:9      | Killed a kobold demonologist
  8661 | D:9      | Reached **** piety under Okawaru
  8699 | D:9      | Noticed a two-headed ogre
  8718 | D:9      | HP: 3/88 [centaur/arrow (9)]
  8736 | D:10     | Entered Level 10 of the Dungeon
  9073 | D:10     | Noticed a six-headed hydra
  9097 | D:10     | Slain by a six-headed hydra

Skill      XL: |  1  2  3  4  5  6  7  8  9 10 |
---------------+-------------------------------+-----
Fighting       | 4 5 6 7 8 |  8.2
Axes           | 3 4 5 6 8 10 11 12 | 12.8
Armour         | 4 5 6 7 8 |  8.2
Shields        | 4 5 7 8 |  8.0
Stealth        | 1 |  1.8
Dodging        | 1 |  1.1
Throwing       | 1 |  1.4
Evocations     | 2 |  2.9

Action                   |  1- 3 |  4- 6 |  7- 9 | 10-12 || total
-------------------------+-------+-------+-------+-------++-------
Melee: War axe           |    80 |   187 |   312 |   142 ||   721
       Hand axe          |       |       |    43 |       ||    43
Throw: Tomahawk          |       |       |    15 |    23 ||    38
Evoke: Wand              |       |       |       |    10 ||    10
  Use: Potion            |     1 |     1 |     4 |     3 ||     9
       Scroll            |     4 |     4 |     7 |     1 ||    16
 Stab: Invisible         |       |     4 |     6 |     1 ||    11
  Eat: Fruit             |       |     3 |       |     1 ||     4
       Bread ration      |       |     1 |     2 |       ||     3
       Royal jelly       |       |       |     6 |       ||     6
       Meat ration       |       |       |       |     1 ||     1
Armor: Scale mail        |    53 |    92 |    11 |       ||   156
       Chain mail        |       |       |   169 |    74 ||   243
Dodge: Dodged            |    36 |    73 |    89 |    47 ||   245
Block: Shield            |    50 |   118 |   220 |    88 ||   476
